 Dungeon Crawl Stone Soup version 0.30.1-11-g7821555f0a (webtiles) character file.

Game seed: 14596560221710063581

118 yasha the Gusty (level 4, -2/24 HPs)
             Began as a Deep Elf Air Elementalist on Oct 31, 2023.
             Slain by a cerulean imp
             ... wielding a +2 spear
             ... summoned by Natasha
              (5 damage)
             ... on level 3 of the Dungeon.
             The game lasted 00:08:08 (2598 turns).

yasha the Gusty (Deep Elf Air Elementalist)         Turns: 2598, Time: 00:08:08

Health: -2/24      AC:  7    Str:  5    XL:     4   Next: 72%
Magic:  4/12       EV: 10    Int: 22    God:
Gold:   111        SH:  0    Dex: 15    Spells: 8/11 levels left

rFire   . . .        (no weapon)
rCold   . . .        (no shield)
rNeg    . . .        g - +2 ring mail of Complete Protection {+Inv SInv}
rPois   .            (no helmet)
rElec   .            (no cloak)
rCorr   .            (no gloves)
SInv    +            (no boots)
Will    .....        (no amulet)
Stlth   ++           (no ring)
HPRegen 0.24/turn    (no ring)
MPRegen 0.13/turn

%: no passive effects
@: no status effects
A: no striking features
a: Evoke Invisibility


You were on level 3 of the Dungeon.
You visited 1 branch of the dungeon, and saw 3 of its levels.

You collected 111 gold pieces.

Inventory:

Armour
 a - a +0 robe
 g - the +2 ring mail of Complete Protection (worn) {+Inv SInv}
   (You found it on level 2 of the Dungeon)

   SInv:      It lets you see invisible.
   +Inv:      It lets you turn invisible.
Jewellery
 d - a ring of ice
Scrolls
 h - 4 scrolls of identify {unknown}
Potions
 b - a potion of magic
 c - a potion of brilliance {unknown}
 e - a potion of degeneration {unknown}
 f - 2 potions of might {unknown}
 i - a potion of curing {unknown}
 j - a potion of haste {unknown}
 k - a potion of mutation {unknown}
 l - 2 potions of heal wounds {unknown}


   Skills:
 + Level 0.7 Armour
 + Level 3.5 Dodging
 - Level 2.5 Stealth
 + Level 4.1 Spellcasting
 - Level 1.2 Conjurations
 * Level 4.2 Air Magic


You had 8 spell levels left.
You knew the following spells:

 Your Spells              Type           Power      Damage    Failure   Level
a - Shock                 Conj/Air       64%        1d7       17%         1
b - Static Discharge      Conj/Air       32%        2-4/arc   26%         2

Your spell library contained the following spells:

 Spells                   Type           Power      Damage    Failure   Level
 Swiftness                Air            23%        N/A       26%         3
 Airstrike                Air            11%        2d(2-18)  65%         4


Dungeon Overview and Level Annotations

Branches:
Dungeon (3/15)

Altars:

Annotations:
D:3 Natasha


Message History

Aiming: Shock (safe; 17% risk of failure)
Press: ? - help, Shift-Dir - straight line, f/p - Natasha
Aim: Natasha (almost dead, 64% to hit)
The zap misses Natasha.
Natasha claws you!
Casting: Shock (safe; 17% risk of failure)
Confirm with . or Enter, or press ? or * to list all spells.
Aiming: Shock (safe; 17% risk of failure)
Press: ? - help, Shift-Dir - straight line, f/p - Natasha
Aim: Natasha (almost dead, 64% to hit)
The zap misses Natasha.
Natasha claws you.
Casting: Shock (safe; 17% risk of failure)
Confirm with . or Enter, or press ? or * to list all spells.
Aiming: Shock (safe; 17% risk of failure)
Press: ? - help, Shift-Dir - straight line, f/p - Natasha
Aim: Natasha (almost dead, 64% to hit)
The zap hits Natasha!
You kill Natasha!
Natasha yowls pathetically as she dies!
Your Spellcasting skill increases to level 4!
Your magical contamination has completely faded away.
You now have 105 gold pieces (gained 9).
You now have 111 gold pieces (gained 6).
You start resting.
Natasha, Servant of Life and Death comes into view.
Natasha is nearby!
Natasha barely misses you. Natasha attacks as you move away!
Natasha claws you but does no damage.
Natasha casts a spell.
Natasha attacks as you move away! Natasha closely misses you.
Natasha attacks as you move away! Natasha claws you but does no damage.
Natasha attacks as you move away! Natasha claws you.
Natasha claws you but does no damage.
The cerulean imp hits you but does no damage.
Natasha attacks as you move away! Natasha claws you but does no damage.
Natasha stares at you and mumbles some strange words.
The magic dart hits you!
* * * LOW HITPOINT WARNING * * *
There is a stone staircase leading up here.
The cerulean imp hits you from afar with a +2 spear.
You die...

.....#.......#####..# #
.............# #..#
##..[...#####..#
#.........##..#
#.........##..#
...####.........##..#
....................#
##.####.#.(..5.##...#
.#.####.#.#@.h......#
..........))...........
...........#.##...###.#
⌠..........#.###..# .#
................#.# #
................#...
#........(...... ...>
###########.....#....
#.....#


You could see Natasha and a cerulean imp (summoned).

Vanquished Creatures
  Natasha (D:3)
  Robin (D:2)
  A dart slug (D:1)
  An orc (D:3)
  12 endoplasms
  3 giant cockroaches
  15 goblins
  7 hobgoblins
  3 jackals (D:2)
  3 quokkas
  A ball python (D:2)
  7 bats
  2 frilled lizards (D:2)
  6 kobolds
  2 rats
  A spectral hobgoblin (D:1)
66 creatures vanquished.

Notes
Turn   | Place    | Note
-------+----------+-------------------------------------------
     0 | D:1      | yasha the Deep Elf Air Elementalist began the quest for the
                  | Orb.
     0 | D:1      | Reached XP level 1. HP: 10/10 MP: 6/6
   127 | D:1      | Found a faded altar of an unknown god.
   373 | D:1      | You fall into a shaft and drop 1 floor!
   424 | D:2      | Reached XP level 2. HP: 15/15 MP: 1/8
  1091 | D:1      | Reached XP level 3. HP: 19/19 MP: 8/10
  1100 | D:1      | Learned a level 2 spell: Static Discharge
  1612 | D:2      | Identified the +2 ring mail of Complete Protection {+Inv
                  | SInv}
  1693 | D:2      | Noticed Robin
  1732 | D:2      | Killed Robin
  1733 | D:2      | Reached XP level 4. HP: 24/24 MP: 0/11
  2553 | D:3      | Noticed Natasha
  2567 | D:3      | Killed Natasha
  2580 | D:3      | Noticed Natasha
  2598 | D:3      | Slain by a cerulean imp

Illustrated notes

Levels and vault maps discovered:
D:1:      spicycebolla_green_bress_n_ham, layout_basic,
          dreamdust_ecumenical_altar_drowned_temple
D:2:      layout_loops_ring, uniq_robin
D:3:      layout_basic, minmay_misc_feat_cross, solitary_fountain,
          amcnicky_mini_rare_corridor_liquid, uniq_natasha

Skill      XL: |  1  2  3  4 |
---------------+-------------+-----
Dodging        | 3 |  3.5
Air Magic      | 4 |  4.2
Spellcasting   | 4 |  4.1
Armour         | |  0.7
Stealth        | |  2.5
Conjurations   | |  1.2

Action                     |  1- 3 |  4- 6 || total
---------------------------+-------+-------++-------
  Melee: Unarmed           |     2 |    17 ||    19
   Cast: Shock             |    88 |    42 ||   130
 Armour: Robe              |     3 |       ||     3
         Ring mail         |     4 |    16 ||    20
  Dodge: Dodged            |    10 |    19 ||    29
